 Dungeon Crawl Stone Soup version 0.23-a0-558-g30802b1 (console) character file.

515 Duffy the Chopper (level 7, -5/62 HPs)
             Began as a Naga Fighter on Dec 11, 2018.
             Slain by a gnoll sergeant
             ... wielding a +0 trident
              (8 damage)
             ... on level 5 of the Dungeon.
             The game lasted 00:03:21 (2822 turns).

Duffy the Chopper (Naga Fighter)                    Turns: 2822, Time: 00:03:21

Health: -5/62      AC:  5    Str: 23    XL:     7   Next: 20%
Magic:  8/8        EV:  6    Int:  8    God:
Gold:   96         SH: 10    Dex: 11    Spells: 6/6 levels left

rFire    . . .     SeeInvis +   a - +0 war axe
rCold    . . .     Gourm    .   c - +0 shield
rNeg     . . .     Faith    .   b - +0 scale mail
rPois    +         Spirit   .   (no helmet)
rElec    .         Reflect  .   (no cloak)
rCorr    .         Harm     .   (no gloves)
MR       .....                  (no barding)
Stlth    ..........             j - amulet of rage
HPRegen  0.20/turn              k - +3 ring of strength
MPRegen  0.11/turn              (no ring)

@: berserk cooldown, slowed, very slow
A: large, see invisible, deformed body, poison resistance, slowness 2, slow
metabolism 1, spit poison 1, AC +2
a: Spit Poison, Evoke Berserk Rage


You were on level 5 of the Dungeon.
You were very hungry.

You visited 1 branch of the dungeon, and saw 6 of its levels.

You collected 96 gold pieces.

Inventory:

Hand Weapons
 a - a +0 war axe (weapon)
Armour
 b - a +0 scale mail (worn)
 c - a +0 shield (worn)
Jewellery
 j - an amulet of rage (around neck)
 k - a +3 ring of strength (left hand)
Scrolls
 e - 2 scrolls of amnesia {unknown}
 g - a scroll of teleportation {unknown}
 h - 2 scrolls of remove curse {unknown}
 i - 2 scrolls of immolation {unknown}
 l - a scroll of magic mapping {unknown}
 p - a scroll of identify {unknown}
 q - a scroll of random uselessness {unknown}
Potions
 d - a potion of might
 m - a potion of curing {unknown}
 n - a potion of lignification {unknown}
Comestibles
 f - 4 rations


   Skills:
 - Level 3.4 Fighting
 * Level 5.0 Axes
 - Level 2.4 Armour
 * Level 4.6 Shields
 + Level 2.3 Evocations


You had 6 spell levels left.
You didn't know any spells.
Your spell library contained the following spells:

 Spells                   Type           Power        Failure   Level  Hunger
 Animate Skeleton         Necr           N/A          96%         1    ##.....
 Apportation              Tloc           #.....       96%         1    ##.....
 Confusing Touch          Hex            #.....       96%         1    ##.....
 Summon Small Mammal      Summ           #...         96%         1    ##.....


Dungeon Overview and Level Annotations

Branches:
Dungeon (6/15)
 Temple: D:4-7

Altars:
Ashenzari
Dithmenos
Nemelex Xobeh
Okawaru
Ru
Xom
Zin

Shops:
D:4 [


Innate Abilities, Weirdness & Mutations

You cannot wear boots.
Your serpentine skin is tough. (AC +2)
You have supernaturally acute eyesight. (SInv)
Armour fits poorly on your strangely shaped body.
Your system is resistant to poisons. (rPois)
You cover ground very slowly.
You have a slow metabolism.
You can spit poison.


Message History

The gnoll sergeant barely misses you.
The gnoll sergeant hits you with a +0 trident!
You hit the gnoll sergeant.
The gnoll sergeant is moderately wounded.
The gnoll sergeant hits you with a +0 trident.
Press: ? - help, Shift-Dir - straight line, f - gnoll sergeant
Aim: a gnoll sergeant, wielding a +0 trident and wearing a cursed +0 ring mail The splash of poison misses the gnoll sergeant.
You feel slightly more hungry.
The gnoll sergeant hits you with a +0 trident.
The gnoll sergeant barely misses you.
You closely miss the gnoll sergeant.
The gnoll sergeant is moderately wounded.
You have got your breath back.
You block the gnoll sergeant's attack.
You closely miss the gnoll sergeant.
The gnoll sergeant is moderately wounded.
The gnoll sergeant hits you with a +0 trident.
The gnoll sergeant hits you with a +0 trident!
You die...

...
...
...
#>#
#.#
#.#
#g#
#@#
#>#
#)###
#...#
###.#
#.
###.#
#.
#...#
#.
#.###
#.
#.#
#.


You could see a gnoll sergeant.

Vanquished Creatures
  A sky beast (D:5)
  An ogre (D:4)
  A centaur (D:5)
  A bullfrog (D:5)
  An iguana (D:5)
  A worker ant (D:5)
  4 adders
  4 gnolls
  2 oozes
  2 worms (D:2)
  A dart slug (D:2)
  2 leopard geckos (D:3)
  12 orcs
  2 giant cockroaches
  A goblin (D:4)
  2 hobgoblins
  4 jackals (D:4)
  4 kobolds
  A ball python (D:4)
  4 bats
  5 frilled lizards
  2 rats
58 creatures vanquished.

Notes
Turn   | Place    | Note
-------+----------+-------------------------------------------
     0 | D:1      | Duffy the Naga Fighter began the quest for the Orb.
     0 | D:1      | Reached XP level 1. HP: 21/21 MP: 1/1
   139 | D:2      | Reached XP level 2. HP: 28/28 MP: 2/2
   257 | D:2      | Reached XP level 3. HP: 19/34 MP: 3/3
   684 | D:3      | Reached skill level 3 in Axes
   688 | D:3      | Reached XP level 4. HP: 34/42 MP: 4/4
   757 | D:3      | Found an iron altar of Okawaru.
   958 | D:4      | Noticed an ogre
   973 | D:4      | Killed an ogre
   973 | D:4      | Reached skill level 1 in Evocations
   973 | D:4      | Reached XP level 5. HP: 49/49 MP: 5/5
  1026 | D:4      | Found Polug's Armour Boutique.
  1087 | D:4      | Found a sacrificial altar of Ru.
  1130 | D:4      | Found a glowing silver altar of Zin.
  1133 | D:4      | Found a shimmering altar of Xom.
  1134 | D:4      | Found a shadowy altar of Dithmenos.
  1363 | D:4      | Reached skill level 4 in Axes
  1490 | D:4      | Found a shattered altar of Ashenzari.
  1490 | D:4      | Found a sparkling altar of Nemelex Xobeh.
  1616 | D:5      | Entered Level 5 of the Dungeon
  1620 | D:5      | Noticed a centaur
  1796 | D:5      | Killed a centaur
  1796 | D:5      | Reached XP level 6. HP: 18/56 MP: 7/7
  2059 | D:5      | Noticed a sky beast
  2067 | D:5      | Killed a sky beast
  2369 | D:5      | Reached XP level 7. HP: 34/62 MP: 8/8
  2810 | D:5      | Reached skill level 5 in Axes
  2822 | D:5      | HP: 3/62 [gnoll sergeant/+0 trident (2)]
  2822 | D:5      | Slain by a gnoll sergeant

Vault maps used:
D:1:      lemuel_arrival_room, minmay_pentomino_s2
D:2:      lemuel_crystal_altar
D:3:      old_standard_altar, okawaru_gym_becter,
          chequers_ecumenical_altar_twisty, kennysheep_generic_room_9
D:4:      nicolae_ru_great_annihilating_truth, grunt_temple_overflow_open,
          gammafunk_temple_overflow_statue, serial_shops, shop_statue
D:5:      yredelemnul_altar_generic, temple_fountains, first_ration
D:6:      basic_altar, uniq_edmund

Skill      XL: |  1  2  3  4  5  6  7 |
---------------+----------------------+-----
Shields        | 3 4 |  4.6
Axes           | 3 4 5 |  5.0
Evocations     | 1 2 |  2.3
Fighting       | |  3.4
Armour         | |  2.4

Action                   |  1- 3 |  4- 6 |  7- 9 || total
-------------------------+-------+-------+-------++-------
Melee: War axe           |    77 |    95 |    20 ||   192
 Abil: Spit Poison       |     5 |     4 |     1 ||    10
       Evoke Berserk Rag |       |     2 |     1 ||     3
 Stab: Invisible         |       |     1 |       ||     1
       Paralysed         |       |     1 |       ||     1
  Eat: Chunk             |       |     5 |     1 ||     6
Armor: Scale mail        |    35 |    39 |    13 ||    87
Dodge: Dodged            |    24 |    25 |     9 ||    58
Block: Shield            |    52 |    59 |    19 ||   130

Table legend:
 A = Non-vault XP
 B = Vault XP
 C = Vault XP percentage of total XP
 D = Non-vault monster count
 E = Vault monster count
 F = Vault count percentage of total count
                 A         B        C        D         E       F
            +---------+---------+-------+---------+---------+-------
      Total |     730 |       6 |   0.8 |      54 |       4 |   6.9
            +---------+---------+-------+---------+---------+-------
        D:1 |       4 |       0 |   0.0 |       3 |       0 |   0.0
        D:2 |      33 |       0 |   0.0 |      11 |       0 |   0.0
        D:3 |      68 |       0 |   0.0 |      19 |       0 |   0.0
        D:4 |     204 |       6 |   2.9 |      13 |       4 |  23.5
        D:5 |     421 |       0 |   0.0 |       8 |       0 |   0.0
            +---------+---------+-------+---------+---------+-------
